 Dungeon Crawl Stone Soup version 0.31-a0-188-g5e087ee2ca (webtiles) character file.

Game seed: 3765038581967571660

38 qw the Shooter (level 3, 0/20 HPs)
             Began as a Deep Elf Hunter on June 23, 2023.
             Succumbed to a scorpion's poison
             ... on level 2 of the Dungeon.
             The game lasted 00:00:19 (608 turns).

qw the Shooter (Deep Elf Hunter)                     Turns: 608, Time: 00:00:19

Health: 0/20       AC:  6    Str:  7 (10) XL:     3   Next: 25%
Magic:  5/5        EV: 10    Int: 10 (13) God:
Gold:   0          SH:  0    Dex: 17 (18) Spells: 2/2 levels left

rFire   . . .        Y - +0 shortbow
rCold   . . .        (shield currently unavailable)
rNeg    . . .        e - +0 ring mail
rPois   .            g - +0 helmet
rElec   .            (no cloak)
rCorr   .            (no gloves)
SInv    .            (no boots)
Will    .....        (no amulet)
Stlth   +            (no ring)
HPRegen 0.23/turn    (no ring)
MPRegen 0.09/turn

%: no passive effects
@: lethally poisoned (0 -> -7)
A: no striking features
a: no special abilities


You were on level 2 of the Dungeon.
You visited 1 branch of the dungeon, and saw 2 of its levels.


   Skills:
 - Level 1.5 Fighting
 + Level 6.8 Ranged Weapons
 - Level 2.4 Dodging
 - Level 1.2 Stealth


You had 2 spell levels left.
You didn't know any spells.
Your spell library was empty.

Inventory:

Hand Weapons
 Y - a +0 shortbow (weapon)
Armour
 e - a +0 ring mail (worn)
 g - a +0 helmet (worn)
Scrolls
 a - 2 scrolls of identify

Dungeon Overview and Level Annotations

Branches:
Dungeon (2/15)

Altars:


Message History

The scorpion barely misses you.
You shoot an arrow.
The arrow hits the scorpion but does no damage.
The scorpion is heavily wounded.
The scorpion stings you.
You are poisoned.
The scorpion poisons you! The ball python completely misses you.
The ball python barely misses you.
You shoot an arrow.
The arrow hits the scorpion but does no damage.
The scorpion is heavily wounded.
You feel very sick. The ball python closely misses you.
The ball python grabs you. The ball python constricts you.
The scorpion stings you.
The ball python bites you but does no damage.
The ball python constricts you. The scorpion barely misses you.
You shoot an arrow.
The arrow barely misses the ball python.
You feel sick.
The scorpion stings you but does no damage.
The ball python closely misses you. The ball python constricts you.
You shoot an arrow.
The arrow hits the ball python but does no damage.
You feel sick. The scorpion stings you.
The ball python bites you but does no damage.
The ball python constricts you. The scorpion stings you.
The ball python bites you but does no damage.
The ball python constricts you.
You shoot an arrow. The arrow hits the ball python!
You kill the ball python!
You feel sick. The scorpion stings you.
You are lethally poisoned!
The scorpion poisons you!
You shoot an arrow. The arrow hits the scorpion.
The scorpion is heavily wounded.
You feel very sick.
The scorpion stings you but does no damage. x2
You shoot an arrow. The arrow hits the scorpion.
The scorpion is almost dead.
You die...

#. ##.## #...#
###...### #
#.......###
#.###.........#
).........#.#
##.##...###<#######
#.@........#.......
#s%########......#.
#..# #..#.#.# #..#
#........ ...#
##.#.#.# .#...
#.....# .##...
###.### #. #... .


You could see a scorpion.

Vanquished Creatures
  A gnoll (D:1)
  2 ball pythons
  3 endoplasms (D:1)
  2 giant cockroaches (D:1)
  A goblin (D:2)
  2 hobgoblins (D:1)
  3 jackals (D:1)
  2 kobolds (D:1)
  3 quokkas (D:1)
  2 bats (D:1)
  2 frilled lizards (D:1)
  2 rats (D:1)
  A spectral kobold (D:1)
26 creatures vanquished.

Notes
Turn   | Place    | Note
-------+----------+-------------------------------------------
     0 | D:1      | qw the Deep Elf Hunter began the quest for the Orb.
     0 | D:1      | Reached XP level 1. HP: 12/12 MP: 3/3
     0 | D:1      | 0 ||| qw: Version: 0.3-a-9-g12657ce
     0 | D:1      | 0 ||| qw: Game counter: 3958
     0 | D:1      | 0 ||| qw: Always use a shield: true
     0 | D:1      | 0 ||| qw: God list: Okawaru
     0 | D:1      | 0 ||| qw: Allow faded altars: false
     0 | D:1      | 0 ||| qw: Do Orc after D:15 true
     0 | D:1      | 0 ||| qw: Do second Lair branch before Depths: true
     0 | D:1      | 0 ||| qw: Lair rune preference: random
     0 | D:1      | 0 ||| qw: Plans: Normal
     0 | D:1      | 0 ||| PLANNING D:1-11
    58 | D:1      | Reached XP level 2. HP: 16/16 MP: 4/4
    66 | D:1      | Reached skill level 6 in Ranged Weapons
   189 | D:1      | Found a faded altar of an unknown god.
   509 | D:1      | Reached XP level 3. HP: 20/20 MP: 5/5
   536 | D:1      | 536 ||| UPGRADING to +0 ring mail.
   546 | D:1      | 546 ||| DROPPING +0 leather armour.
   547 | D:1      | 547 ||| UPGRADING to +0 helmet.
   552 | D:1      | 552 ||| DROPPING ring of wizardry.
   553 | D:1      | 553 ||| READING 3 scrolls labelled TAONYVOKLU.
   554 | D:1      | 554 ||| READING 2 scrolls labelled ARCHAE AG MYE.
   555 | D:1      | 555 ||| DRINKING 2 fizzy white potions.
   556 | D:1      | 556 ||| DROPPING scroll of butterflies.
   557 | D:1      | 557 ||| DROPPING potion of degeneration.
   558 | D:1      | 558 ||| DROPPING scroll of revelation.
   594 | D:2      | Noticed a scorpion
   606 | D:2      | HP: 5/20 [scorpion (1)]
   607 | D:2      | HP: 1/20 [poisoned by a scorpion]
   608 | D:2      | Succumbed to a scorpion's poison

Levels and vault maps discovered:
D:1:      lemuel_arrival_cross, layout_basic,
          dreamdust_ecumenical_altar_drowned_temple
D:2:      cheibrodos_fertilizer, layout_loops_ring, serial_shops,
          nicolae_shop_trees, grunt_decor_mini_mirrors, cheibrodos_gnoll_hut,
          uniq_sigmund, uniq_robin, uniq_terence

Skill      XL: |  1  2 |
---------------+-------+-----
Ranged Weapons | 6 |  6.8
Fighting       | |  1.5
Dodging        | |  2.4
Stealth        | |  1.2

Action                     || total
---------------------------++-------
   Fire: Shortbow          ||    77
    Use: Scroll            ||     2
         Potion            ||     1
 Armour: Leather armour    ||     6
         Ring mail         ||    10
  Dodge: Dodged            ||    29

Table legend:
 A = Non-vault XP
 B = Vault XP
 C = Vault XP percentage of total XP
 D = Non-vault monster count
 E = Vault monster count
 F = Vault count percentage of total count
                 A         B        C        D         E       F
            +---------+---------+-------+---------+---------+-------
      Total |      54 |       1 |   1.8 |      25 |       1 |   3.8
            +---------+---------+-------+---------+---------+-------
        D:1 |      51 |       1 |   1.9 |      23 |       1 |   4.2
        D:2 |       3 |       0 |   0.0 |       2 |       0 |   0.0
            +---------+---------+-------+---------+---------+-------
